Map: Prion Terraces

Players

Nerchio

  • Race: Zerg Zerg
  • League: Grandmaster

FireCake - Winner!

  • Race: Zerg Zerg

Event: DreamHack ROCCAT LotV Championship

VOD

Have the link to the VOD?

Description

Time

  • Played on: Nov. 27, 2015, 12:59 p.m.
  • Length: 5:02

All games in this series

Show
View Real Time Build Order
Export as new Build Order

Nerchio Zerg 

Build Orders: Hatch First, Zergling Baneling 

Get SALT Encoding   

  12  0:00  Drone  
  13  0:12  Overlord  
  13  0:17  Drone  
  14  0:30  Drone x2  
  14  0:34  Drone  
  17  0:51  Hatchery  
  17  0:55  Drone  
  17  0:58  Drone  
  18  1:04  Extractor  
  17  1:14  Spawning Pool  
  17  1:17  Drone  
  17  1:20  Drone  
  18  1:27  Drone  
  19  1:38  Overlord  
  19  2:01  Zergling x4, Queen  
  21  2:04  Zergling x2, Queen  
  21  2:07  Metabolic Boost  
  26  2:11  Drone  
  27  2:15  Drone  
  27  2:21  Drone  
  29  2:27  Baneling Nest  
  29  2:28  Drone  
  29  2:32  Drone  
  29  2:35  Drone  
  31  2:42  Queen  
  33  2:47  Overlord  
  33  2:58  Zergling x6  
  36  3:09  Zergling x10  
  36  3:10  Baneling  
  36  3:11  Baneling  
  36  3:12  Baneling  
  41  3:13  Baneling  
  41  3:16  Zergling x2  
  41  3:18  Zergling x2  
  43  3:21  Zergling x2  
  44  3:28  Baneling x2  
  44  3:29  Overlord  
  44  3:38  Zergling x2  
  44  3:41  Baneling  
  44  3:43  Overlord x2  
  37  3:49  Zergling x4  
  37  3:51  Baneling x2  
  37  3:52  Zergling x2  
  37  3:54  Zergling x2  
  39  3:57  Zergling x2  
  39  3:59  Zergling x2  
  39  4:02  Zergling x2  
  42  4:04  Zergling x2  
  42  4:07  Zergling x2  
  43  4:10  Baneling  
  43  4:11  Zergling x2  
  43  4:12  Zergling x2  
  45  4:17  Overlord  
  45  4:23  Zergling x4  
  44  4:26  Baneling x2  
  44  4:28  Zergling x2  
  42  4:32  Zergling x2  
  42  4:33  Zergling x2  
  42  4:35  Zergling x2  
  42  4:38  Zergling x2  
  43  4:42  Zergling x2  
  43  4:44  Zergling x2  
  43  4:45  Zergling x2  
Show
View Real Time Build Order
Export as new Build Order

FireCake Zerg - Winner!

Build Orders: Pool First, Zergling Baneling 

Get SALT Encoding   

  12  0:00  Drone  
  13  0:08  Drone  
  14  0:17  Overlord  
  14  0:23  Drone, Extractor  
  15  0:35  Drone x2  
  17  0:44  Spawning Pool  
  17  0:47  Drone  
  17  1:02  Extractor  
  16  1:10  Hatchery  
  15  1:13  Drone  
  15  1:17  Drone  
  17  1:20  Drone  
  18  1:31  Queen  
  20  1:36  Zergling x2  
  21  1:40  Drone  
  22  1:48  Overlord  
  22  2:03  Metabolic Boost  
  22  2:06  Queen  
  24  2:12  Zergling x4  
  26  2:20  Zergling x2  
  27  2:28  Drone, Queen  
  30  2:34  Zergling x4  
  32  2:44  Baneling Nest  
  32  2:48  Drone  
  32  2:53  Overlord  
  32  2:57  Drone  
  32  2:58  Drone  
  34  3:04  Spine Crawler  
  33  3:08  Zergling x4  
  35  3:22  Zergling x12  
  41  3:28  Baneling x2  
  38  3:49  Zergling x10  
  43  3:56  Baneling x8  
  43  4:00  Overlord  
  43  4:01  Overlord  
  41  4:15  Overlord  
  41  4:16  Overlord  
  40  4:24  Zergling x2  
  40  4:25  Zergling x6  
  44  4:33  Zergling x4  
  44  4:34  Zergling x2  
  43  4:38  Drone  
  42  4:49  Drone x3  

Tags
 
Add a new tag
Caveats
  • Supply blocks, unpowered buildings, or Contaminate may cause inaccurate times.
  • Supply counts are checked every 10 seconds.